 Dungeon Crawl Stone Soup version 0.18.1-48-g4cf74bf (webtiles) character file.

6675 nikopol the Cleaver (level 11, 0/151 HPs)
             Began as a Hill Orc Berserker on July 28, 2016.
             Was a High Priest of Trog.
             Slain by a 17-headed hydra (10 damage)
             ... on level 1 of the Lair of Beasts on July 29, 2016.
             The game lasted 00:31:55 (10334 turns).

nikopol the Cleaver (Hill Orc Berserker)           Turns: 10334, Time: 00:31:55

Health: 0/151      AC: 17    Str: 27    XL:     11   Next: 3%
Magic:  11/11      EV: 13    Int:  7    God:    Trog [*****.]
Gold:   554        SH:  0    Dex: 16    Spells: 0 memorised, 10 levels left

rFire  . . .     SeeInvis .     d - +0 war axe
rCold  . . .     Gourm    .     r - +3 chain mail {MR+}
rNeg   . . .     Faith    .     (no shield)
rPois  .         Spirit   .     (no helmet)
rElec  .         Dismiss  .     D - +2 cloak
rCorr  .         Reflect  .     (no gloves)
SustAt .         Harm     .     (no boots)
MR     ++...                    (no amulet)
Stlth  ..........               G - ring of protection from magic
                                R - +4 ring of dexterity

@: berserking (expiring), very quick, very resistant to hostile enchantments,
extremely unstealthy
A: no striking features
a: Berserk, Trog's Hand, Brothers in Arms, Burn Spellbooks, Renounce Religion


You were on level 1 of the Lair of Beasts.
You worshipped Trog.
Trog was extremely pleased with you.
You were not hungry.

You visited 2 branches of the dungeon, and saw 10 of its levels.
You also visited: Ossuary.

You collected 554 gold pieces.

Inventory:

Hand Weapons
 a - a +1 hand axe
 d - a +0 war axe (weapon)
 T - a +3 battleaxe of holy wrath
Missiles
 y - 6 poisoned javelins (quivered)
Armour
 r - a +3 chain mail of magic resistance (worn)
 D - a +2 cloak (worn)
Jewellery
 j - an uncursed ring of sustain attributes
 A - an uncursed ring of flight
 G - a ring of protection from magic (right hand)
 R - a +4 ring of dexterity (left hand)
 U - an uncursed ring of positive energy
Wands
 J - a wand of disintegration (9/24)
 N - a wand of digging (7/24)
 O - a wand of teleportation (3/9)
 S - a wand of disintegration (12/24)
Scrolls
 f - a scroll of fog
 m - 14 scrolls of identify
 u - 2 scrolls of remove curse
 v - a scroll of random uselessness {unknown}
 w - a scroll of enchant armour {unknown}
 z - 5 scrolls of teleportation
 B - 4 scrolls of blinking {unknown}
 F - 2 scrolls of holy word {unknown}
 I - a scroll of magic mapping {unknown}
 K - a scroll of brand weapon {unknown}
 L - 2 scrolls of fear {unknown}
 M - 2 scrolls of enchant weapon
 P - a scroll of recharging {unknown}
 W - a scroll of summoning {unknown}
Potions
 e - a potion of agility {unknown}
 g - 2 potions of resistance
 h - 3 potions of heal wounds {unknown}
 i - 2 potions of flight
 o - a potion of experience {unknown}
 s - a potion of berserk rage {unknown}
 t - a potion of degeneration {unknown}
 x - 4 potions of curing {unknown}
 C - 3 potions of lignification {unknown}
 E - a potion of mutation {unknown}
 H - a potion of might {unknown}
 Q - 2 potions of cure mutation {unknown}
 V - a potion of brilliance {unknown}
Comestibles
 b - 10 royal jellies
 c - 7 bread rations
 k - 14 fruits
 l - 3 beef jerkies
 n - a slice of pizza
 p - 8 meat rations
 q - 7 chunks of flesh


   Skills:
 + Level 10.3 Fighting
 * Level 11.5 Axes
 + Level 2.0 Throwing
 + Level 9.1 Armour
 + Level 6.9 Dodging


You had 10 spell levels left.
You didn't know any spells.

Dungeon Overview and Level Annotations

Branches:
Dungeon (9/15)             Temple (0/1) D:7            Lair (1/8) D:8
    Orc (0/2) D:9

Altars:
Ashenzari
Ru
Zin
Beogh

Shops:
D:4 :


Message History

The 16-headed hydra closely misses you.
The 16-headed hydra barely misses you. x2
The 16-headed hydra bites you.
* * * LOW HITPOINT WARNING * * *
The 16-headed hydra bites you!
* * * LOW HITPOINT WARNING * * *
The 16-headed hydra bites you.
* * * LOW HITPOINT WARNING * * *
The 16-headed hydra bites you.
* * * LOW HITPOINT WARNING * * *
The 16-headed hydra bites you but does no damage. x2
The 16-headed hydra bites you!
* * * LOW HITPOINT WARNING * * *
The 16-headed hydra bites you but does no damage. x2
Your chain mail prevents you from hitting the 16-headed hydra.
The 16-headed hydra is moderately wounded.
You slice one of the 16-headed hydra's heads off!
The 15-headed hydra grows two more!
You slice the 17-headed hydra!!
The 17-headed hydra is heavily wounded.
The 17-headed hydra bites you!
You die...

?..............
.......[.......
...............
...≈≈≈≈≈≈≈.....
....≈≈≈≈≈≈≈....
...≈≈≈≈≈≈≈≈≈.#
...≈≈≈.≈D≈≈≈.#
..≈≈≈≈≈@.≈≈≈.#
..≈≈≈≈≈.≈≈≈≈.#
..≈≈≈≈≈≈≈≈≈≈...
....≈≈≈≈≈≈≈≈.#.
.....≈≈≈≈≈≈≈##
...#...≈...#.#
...............
..[..?.........


You could see a 17-headed hydra.

Vanquished Creatures
  The ghost of YrmMerkstave the Basher, a novice OgBe of Trog (Ossuary)
  Pikel (D:9)
  The ghost of PeterLawrence the Cudgeler, an amateur GrFi (D:4)
  Sigmund (D:2)
  A hungry ghost (D:9)
  A hippogriff (D:7)
  A soldier ant (D:8)
  Duvessa (D:6)
  3 orc warriors (D:9)
  2 wasps (D:8)
  A phantom (D:7)
  5 sky beasts
  A black bear (D:6)
  3 ice beasts
  8 ogres
  A centaur (D:5)
  3 big kobolds
  5 giant frogs
  Dowan (D:6)
  A wyvern skeleton (D:9)
  4 scorpions
  A water moccasin skeleton (D:7)
  3 crimson imps
  6 hounds
  A quasit (D:8)
  3 centaur zombies (Ossuary)
  3 jellies
  Crazy Yiuf (D:2)
  10 orc priests
  A giant frog skeleton (D:4)
  Terence (D:2)
  2 iguanas
  12 orc wizards
  11 worker ants
  2 hound zombies
  5 mummies (Ossuary)
  2 worker ant zombies
  8 adders
  4 gnolls (D:6)
  A howler monkey skeleton (D:5)
  An ooze (D:6)
  5 worms
  An adder zombie (D:6)
  3 dart slugs
  7 giant geckos
  35 orcs
  9 giant cockroaches
  5 goblins
  7 hobgoblins
  12 jackals
  41 kobolds
  3 quokkas
  11 bats
  A giant gecko zombie (D:6)
  9 giant newts
  A quokka zombie (D:8)
  10 rats
  3 plants (D:5)
287 creatures vanquished.

Vanquished Creatures (others)
  A shadow imp (D:9)
1 creature vanquished.

Grand Total: 288 creatures vanquished

Notes
Turn   | Place    | Note
--------------------------------------------------------------
     0 | D:1      | nikopol the Hill Orc Berserker began the quest for the Orb.
     0 | D:1      | Reached XP level 1. HP: 19/19 MP: 1/1
   154 | D:1      | Reached XP level 2. HP: 26/27 MP: 2/2
   588 | D:1      | Reached XP level 3. HP: 33/33 MP: 3/3
   880 | D:2      | Reached ** piety under Trog
  1193 | D:2      | Reached XP level 4. HP: 29/40 MP: 4/4
  1283 | D:2      | Noticed Terence
  1293 | D:2      | Killed Terence
  1476 | D:2      | Noticed Sigmund
  1485 | D:2      | Killed Sigmund
  1485 | D:2      | Reached skill level 5 in Axes
  1485 | D:2      | Reached XP level 5. HP: 47/47 MP: 5/5
  1485 | D:2      | Reached XP level 6. HP: 53/53 MP: 6/6
  1778 | D:2      | Noticed Crazy Yiuf
  1791 | D:2      | Killed Crazy Yiuf
  2077 | D:3      | Reached *** piety under Trog
  2172 | D:3      | Reached skill level 5 in Fighting
  2194 | D:3      | Reached skill level 6 in Axes
  2503 | D:3      | Reached XP level 7. HP: 49/61 MP: 7/7
  2940 | D:4      | Noticed PeterLawrence's ghost (amateur GrFi)
  2963 | D:4      | Killed PeterLawrence's ghost
  2963 | D:4      | Reached skill level 5 in Armour
  3292 | D:4      | Found a sacrificial altar of Ru.
  3349 | D:4      | Reached skill level 7 in Axes
  3517 | D:4      | Found Dypnuwk's Book Boutique.
  3615 | D:4      | Reached XP level 8. HP: 37/70 MP: 8/8
  3947 | D:5      | Entered Level 5 of the Dungeon
  4055 | D:5      | Found a glowing silver altar of Zin.
  4056 | D:5      | Found a shattered altar of Ashenzari.
  4092 | D:5      | Reached **** piety under Trog
  4162 | D:5      | Found a sand-covered staircase.
  4167 | Ossuary  | Entered an ossuary
  4253 | Ossuary  | Noticed YrmMerkstave's ghost (novice OgBe)
  4272 | Ossuary  | Killed YrmMerkstave's ghost
  4272 | Ossuary  | Reached skill level 8 in Axes
  4272 | Ossuary  | Reached skill level 5 in Dodging
  4272 | Ossuary  | Reached XP level 9. HP: 66/79 MP: 9/9
  5584 | D:5      | Reached skill level 9 in Axes
  6305 | D:6      | Noticed Duvessa
  6307 | D:6      | Noticed Dowan
  6324 | D:6      | Killed Duvessa
  6325 | D:6      | Killed Dowan
  7119 | D:6      | Reached XP level 10. HP: 87/91 MP: 10/10
  7528 | D:7      | Found a staircase to the Ecumenical Temple.
  7545 | D:7      | Reached ***** piety under Trog
  7771 | D:7      | Reached skill level 10 in Axes
  7912 | D:8      | Found a staircase to the Lair.
  8029 | D:8      | HP: 4/92 [poisoned by a kobold]
  8034 | D:8      | HP: 4/92 [poisoned by a kobold]
  8880 | D:8      | Received a gift from Trog
  9083 | D:9      | Reached skill level 10 in Fighting
  9270 | D:9      | Found a staircase to the Orcish Mines.
  9277 | D:9      | Received a gift from Trog
  9277 | D:9      | Reached skill level 11 in Axes
  9291 | D:9      | Reached skill level 1 in Throwing
  9925 | D:9      | Found a roughly hewn altar of Beogh.
 10152 | D:9      | Noticed Pikel
 10170 | D:9      | Killed Pikel
 10170 | D:9      | Reached XP level 11. HP: 87/101 MP: 11/11
 10316 | Lair:1   | Entered Level 1 of the Lair of Beasts
 10316 | Lair:1   | Noticed a six-headed hydra
 10334 | Lair:1   | Slain by a 17-headed hydra

Skill      XL: |  1  2  3  4  5  6  7  8  9 10 11 |
---------------+----------------------------------+-----
Dodging        | 2 3 4 5 6 |  6.9
Armour         | 3 4 5 6 7 9 |  9.1
Fighting       | 4 5 6 7 9 10 | 10.3
Axes           | 5 6 7 8 9 11 | 11.5
Throwing       | 1 2 |  2.0

Action                   |  1- 3 |  4- 6 |  7- 9 | 10-12 || total
-------------------------+-------+-------+-------+-------++-------
Melee: Hand axe          |   130 |   163 |   627 |   263 ||  1183
       War axe           |       |       |       |   207 ||   207
Throw: Javelin           |       |       |       |     5 ||     5
Invok: Berserk           |       |     3 |     2 |     4 ||     9
  Use: Scroll            |       |       |     7 |       ||     7
  Eat: Chunk             |     1 |     7 |    18 |    14 ||    40
       Pizza             |       |       |       |     2 ||     2
       Beef jerky        |       |       |       |     1 ||     1
Armor: Leather armour    |    12 |       |       |       ||    12
       Ring mail         |    25 |     2 |       |       ||    27
       Chain mail        |       |   119 |   273 |   236 ||   628
Dodge: Dodged            |    78 |    68 |   237 |   225 ||   608
